 Dungeon Crawl Stone Soup version 0.21.1-1-g345015f (webtiles) character file.

139 microfolk the Changer (level 5, -3/42 HPs)
             Began as a Draconian Transmuter on Apr 21, 2018.
             Killed from afar by MordorOrchid's ghost (26 damage)
             ... with a shard of ice
             ... on level 3 of the Dungeon.
             The game lasted 00:08:56 (3208 turns).

microfolk the Changer (Draconian Transmuter)        Turns: 3208, Time: 00:08:56

Health: -3/42      AC:  5    Str: 13    XL:     5   Next: 1%
Magic:  8/9        EV: 12    Int: 14    God:
Gold:   158        SH:  0    Dex: 11    Spells: 3/9 levels left

rFire    . . .     SeeInvis .     - Unarmed
rCold    . . .     Gourm    +   (no shield)
rNeg     . . .     Faith    .   (armour unavailable)
rPois    .         Spirit   .   (helmet restricted)
rElec    .         Reflect  .   (no cloak)
rCorr    .         Harm     .   (no gloves)
MR       .....                  (boots currently unavailable)
Stlth    +.........             f - amulet of the gourmand
HPRegen  0.14/turn              (no ring)
MPRegen  0.11/turn              (no ring)

@: appendage
A: unfitting armour, talons 3, cold-blooded, AC +5
a: End Transformation


You were on level 3 of the Dungeon.
You were completely stuffed.
You had grown temporary talons.
You visited 1 branch of the dungeon, and saw 3 of its levels.

You collected 158 gold pieces.

Inventory:

Hand Weapons
 a - a +0 hunting sling
Missiles
 d - 66 stones (quivered)
 k - 9 arrows
 l - 16 sling bullets
 v - 3 throwing nets
Jewellery
 f - an amulet of the gourmand (around neck)
 t - an uncursed ring of fire
Scrolls
 g - 3 scrolls of remove curse
 j - a scroll of fog {unknown}
 n - a scroll of noise {unknown}
 o - a scroll of blinking {unknown}
 p - a scroll of fear {unknown}
 r - a scroll of teleportation {unknown}
 w - a scroll of magic mapping {unknown}
Potions
 h - 2 potions of flight
 i - a potion of curing
 q - a potion of invisibility
 s - a potion of heal wounds {unknown}
 u - a potion of agility {unknown}
Books
 b - a book of Changes

   Spells                             Type                      Level
   a - Beastly Appendage              Transmutation                1
   b - Sticks to Snakes               Transmutation                2
   c - Spider Form                    Transmutation/Poison         3
   d - Ice Form                       Ice/Transmutation            4
   e - Blade Hands                    Transmutation                5
Comestibles
 c - 5 rations
 m - 5 chunks of flesh


   Skills:
 + Level 2.7 Fighting
 - Level 1.7 Dodging
 - Level 3.0 Unarmed Combat
 + Level 2.9 Spellcasting
 * Level 4.0 Transmutations


You had 3 spell levels left.
You knew the following spells:

 Your Spells              Type           Power        Failure   Level  Hunger
a - Beastly Appendage     Tmut           ##....       4%          1    #......
b - Sticks to Snakes      Tmut           ##......     6%          2    ##.....
c - Spider Form           Tmut/Pois      #.........   28%         3    ###....


Dungeon Overview and Level Annotations

Branches:
Dungeon (3/15)

Altars:
Uskayaw

Annotations:
D:2 exclusion: 2 downstairs
D:3 Grinder; MordorOrchid's ghost, amateur BaIE


Innate Abilities, Weirdness & Mutations

Your plain brown scales are hard. (AC +5)
You cannot fit into any form of body armour.
You are cold-blooded and may be slowed by cold attacks.
You have claws for feet.


Message History

MordorOrchid's ghost is too close now for your liking.
MordorOrchid's ghost wails, "Death is your only future!"
There is a stone staircase leading up here.
Casting: Beastly Appendage
Confirm with . or Enter, or press ? or * to list all spells.
You don't know that spell.
Press: ? - help, v - describe, . - travel
Here: MordorOrchid's ghost The floor.
Put on which piece of jewellery? (? for menu, Esc to quit)
Okay, then.
Casting: Beastly Appendage
Confirm with . or Enter, or press ? or * to list all spells.
Your feet morph into talons.
MordorOrchid's ghost gestures at you while chanting.
The shard of ice hits you!
MordorOrchid's ghost points at you and mumbles some strange words.
The shard of ice hits you!
Ouch! That really hurt!
You die...

## ........# .#
........# ....
........###
...............(..#
..................#
..................#
.....#####........+
.#.#.#..(#........######
.....#..(#.###.#@.......
....#####.#.W......####
..........'........>#
......_...#........##
......................
..............#+#.####
..............#.#.#
..............#.#.#
.....##.........#


You could see MordorOrchid's ghost.

Vanquished Creatures
  4 gnolls
  3 adders (D:2)
  3 worms
  4 dart slugs
  3 leopard geckos
  An orc (D:2)
  3 bats
  6 giant cockroaches
  5 goblins
  6 hobgoblins
  3 jackals (D:1)
  A ball python (D:3)
  3 frilled lizards
  4 kobolds
  5 rats
54 creatures vanquished.

Notes
Turn   | Place    | Note
-------+----------+-------------------------------------------
     0 | D:1      | microfolk the Draconian Transmuter began the quest for the Orb.
     0 | D:1      | Reached XP level 1. HP: 16/16 MP: 3/3
   157 | D:1      | Reached XP level 2. HP: 12/23 MP: 5/5
   162 | D:1      | Learned a level 2 spell: Sticks to Snakes
  1085 | D:1      | Reached XP level 3. HP: 20/29 MP: 4/6
  1104 | D:1      | Learned a level 3 spell: Spider Form
  1245 | D:2      | Reached skill level 3 in Transmutations
  1692 | D:2      | Reached XP level 4. HP: 9/37 MP: 5/7
  2317 | D:3      | Noticed Grinder
  2317 | D:3      | Noticed MordorOrchid's ghost (amateur BaIE)
  2318 | D:3      | Noticed a dagger
  2319 | D:3      | Paralysed by Grinder for 3 turns
  2731 | D:3      | Reached skill level 4 in Transmutations
  2887 | D:3      | Paralysed by Grinder for 5 turns
  2901 | D:3      | Paralysed by Grinder for 5 turns
  3151 | D:3      | Reached XP level 5. HP: 42/42 MP: 7/9
  3184 | D:3      | Found a hide-covered altar of Uskayaw.
  3186 | D:3      | Noticed a hand axe
  3208 | D:3      | Killed from afar by MordorOrchid's ghost

Skill      XL: |  1  2  3  4 |
---------------+-------------+-----
Transmutations | 3 4 |  4.0
Fighting       | 2 |  2.7
Dodging        | |  1.7
Unarmed Combat | |  3.0
Spellcasting   | |  2.9

Action                   |  1- 3 |  4- 6 || total
-------------------------+-------+-------++-------
Melee: Unarmed           |   132 |    76 ||   208
       Kick              |     8 |    10 ||    18
       Tailslap          |    11 |     9 ||    20
       Headbutt          |     8 |     1 ||     9
       Punch             |     1 |     2 ||     3
Throw: Stone             |     7 |     5 ||    12
 Cast: Beastly Appendage |    15 |     8 ||    23
       Sticks to Snakes  |       |     3 ||     3
  Use: Scroll            |     1 |     4 ||     5
       Potion            |       |     1 ||     1
  Eat: Chunk             |    12 |     7 ||    19
Armor: Skin              |    35 |    13 ||    48
Dodge: Dodged            |    85 |    55 ||   140
